Map: Dash and Terminal LE (Void)

Players

Genie - Winner!

  • Race: Zerg Zerg
  • League: Platinum

DestroyBoy

  • Race: Terran Terran
  • League: Platinum

VOD

Have the link to the VOD?

Description

Time

  • Played on: Sept. 7, 2015, 4:16 a.m.
  • Length: 35:21
Show
View Real Time Build Order
Export as new Build Order

Genie Zerg - Winner!

Build Orders: Hatch First 

Get SALT Encoding   

  12  0:00  Drone  
  13  0:09  Drone  
  14  0:17  Overlord  
  14  0:25  Drone, Extractor  
  16  0:35  Drone x2  
  17  0:44  Drone  
  18  1:08  Hatchery  
  17  1:11  Spawning Pool  
  17  1:15  Drone  
  17  1:23  Drone x2  
  17  1:25  Extractor  
  18  1:36  Drone  
  19  1:45  Overlord  
  19  1:59  Queen  
  19  2:00  Zergling x2  
  19  2:01  Spine Crawler, Zergling x2  
  22  2:21  Queen  
  24  2:23  Drone x3  
  27  2:41  Lair, Drone x2  
  29  2:44  Drone x2  
  29  2:48  Extractor  
  30  3:00  Drone x2  
  30  3:04  Overlord  
  32  3:08  Overlord  
  32  3:09  Drone x2  
  32  3:10  Drone  
  35  3:21  Roach Warren  
  35  3:24  Drone x2  
  35  3:28  Metabolic Boost  
  35  3:42  Overseer  
  35  3:43  Drone x5  
  40  3:53  Drone x2  
  40  3:54  Drone  
  40  3:55  Baneling Nest  
  42  4:04  Overlord  
  42  4:05  Roach x2  
  46  4:21  Drone x2  
  48  4:26  Hatchery  
  48  4:29  Evolution Chamber, Overlord  
  46  4:36  Ravager  
  46  4:37  Ravager  
  48  4:40  Queen  
  48  4:43  Overlord  
  48  4:44  Overlord  
  50  4:57  Drone  
  50  4:58  Drone x7  
  58  5:02  Extractor  
  57  5:09  Extractor  
  53  5:18  Zergling x2  
  53  5:19  Zergling x8  
  55  5:24  Zerg Melee Weapons Level 1  
  55  5:33  Unknown  
  52  5:46  Queen  
  52  5:47  Drone  
  52  5:48  Drone x5  
  51  5:57  Roach  
  51  6:01  Drone  
  51  6:02  Drone x3  
  57  6:12  Drone x2  
  59  6:19  Ravager  
  59  6:21  Spire  
  59  6:31  Pneumatized Carapace  
  59  6:32  Drone  
  60  6:33  Drone x7  
  60  6:36  Drone  
  68  6:47  Centrifical Hooks  
  68  6:52  Drone  
  69  6:55  Evolution Chamber  
  61  7:05  Drone x3  
  61  7:06  Drone x6  
  64  7:16  Drone x2, Extractor  
  64  7:17  Drone, Extractor  
  64  7:19  Drone x2  
  64  7:20  Drone  
  68  7:26  Drone x3  
  68  7:27  Drone  
  68  7:28  Drone  
  73  7:31  Drone  
  73  7:32  Drone  
  75  7:37  Overlord  
  75  7:40  Zerg Melee Weapons Level 2  
  75  7:45  Overlord  
  75  7:46  Overlord  
  75  7:56  Drone x3  
  75  7:57  Drone x2  
  75  7:58  Drone x2  
  81  7:59  Zergling x2  
  81  8:00  Zergling x6  
  87  8:12  Drone  
  87  8:13  Drone x2  
  87  8:14  Zerg Flyer Weapons Level 1, Infestation Pit  
  87  8:18  Queen  
  90  8:33  Roach x3  
  96  8:34  Hatchery  
  96  8:35  Zergling x2  
  96  8:36  Zergling x16  
  104  8:43  Queen  
  106  8:50  Hatchery  
  106  8:53  Drone  
  106  8:55  Overlord  
  106  8:56  Overlord  
  105  9:07  Zergling x2  
  105  9:08  Zergling x6  
  101  9:13  Ravager  
  101  9:14  Ravager  
  97  9:24  Corruptor x7  
  94  9:37  Hatchery  
  85  9:41  Zergling x4  
  85  9:42  Zergling x2  
  85  9:43  Zergling x8  
  85  9:50  Zergling x2  
  85  9:51  Zergling x12  
  86  9:59  Zergling x4  
  86  10:01  Baneling  
  86  10:02  Baneling x13  
  81  10:08  Queen  
  81  10:11  Queen  
  81  10:13  Drone  
  84  10:26  Drone x3  
  86  10:29  Extractor  
  86  10:31  Extractor  
  84  10:37  Drone  
  84  10:38  Drone x5  
  88  10:45  Lair  
  88  10:50  Drone  
  88  10:51  Drone x4  
  92  11:07  Zergling x18  
  89  11:20  Corruptor x4  
  91  11:33  Corruptor  
  91  11:34  Corruptor x3  
  91  11:39  Drone  
  101  11:40  Drone x2  
  101  11:41  Drone x3  
  101  11:43  Baneling  
  101  11:44  Baneling x8  
  101  11:45  Baneling  
  105  11:47  Drone  
  105  11:48  Drone  
  105  11:49  Drone  
  105  11:50  Drone  
  109  12:03  Hive  
  109  12:07  Drone x2, Extractor  
  109  12:08  Extractor  
  109  12:10  Zerg Ground Armor Level 1  
  109  12:12  Drone x3  
  109  12:14  Evolution Chamber, Overlord x3  
  111  12:20  Burrow  
  104  12:45  Drone x3  
  104  12:46  Drone x3  
  109  12:57  Hatchery  
  105  13:04  Drone x3  
  108  13:12  Corruptor  
  108  13:14  Hatchery  
  108  13:18  Drone  
  108  13:19  Adrenal Glands, Extractor  
  109  13:20  Ultralisk Cavern  
  109  13:22  Zerg Melee Weapons Level 3  
  109  13:23  Extractor  
  109  13:24  Viper x2  
  113  13:27  Zergling x2  
  113  13:28  Zergling x36  
  113  13:29  Zergling x2  
  113  13:31  Extractor  
  132  13:34  Extractor  
  131  13:43  Viper  
  131  13:45  Overlord x2  
  131  13:46  Overlord x4  
  133  13:58  Zerg Flyer Weapons Level 2  
  132  14:18  Baneling  
  132  14:19  Baneling x9  
  132  14:23  Zergling x2  
  131  14:24  Zergling x30  
  131  14:25  Zergling x10  
  148  14:31  Chitinous Plating  
  148  14:35  Zerg Ground Armor Level 2  
  146  14:41  Overseer x2  
  146  14:44  Drone  
  146  14:45  Drone x2  
  149  14:49  Zergling x2  
  149  14:50  Zergling x8  
  154  15:01  Baneling  
  154  15:02  Baneling x12  
  154  15:08  Zergling x12  
  154  15:09  Zergling x2  
  157  15:16  Zergling x2  
  157  15:17  Zergling x10  
  157  15:25  Zergling x10  
  151  15:31  Zergling x2  
  151  15:32  Zergling x6  
  152  15:38  Zergling x2  
  152  15:39  Zergling x8  
  154  15:49  Zergling x12  
  133  16:03  Drone  
  133  16:04  Drone x9  
  137  16:14  Drone  
  137  16:15  Drone x5  
  140  16:28  Drone x3  
  140  16:29  Drone x3  
  145  16:33  Drone x3  
  138  16:47  Spine Crawler x2  
  138  16:48  Spine Crawler  
  138  16:50  Spine Crawler  
  134  16:58  Corruptor x2  
  134  17:01  Viper x3  
  146  17:08  Hatchery  
  146  17:14  Ultralisk  
  151  17:26  Ultralisk  
  151  17:27  Ultralisk  
  163  17:43  Greater Spire  
  163  17:45  Zerg Ground Armor Level 3  
  163  17:46  Zerg Missile Weapons Level 1  
  162  17:52  Zergling x2  
  162  17:53  Zergling x24  
  162  17:58  Spine Crawler  
  174  18:09  Ultralisk  
  174  18:12  Zergling x2  
  181  18:13  Zergling x2  
  181  18:16  Overlord x2  
  181  18:17  Overlord x2  
  182  18:30  Baneling x9  
  182  18:31  Baneling x5  
  182  18:36  Extractor  
  182  18:39  Extractor  
  182  18:40  Spine Crawler  
  179  18:46  Spine Crawler  
  179  18:48  Spine Crawler, Zergling x2  
  178  18:49  Zergling x22  
  189  19:01  Spine Crawler  
  188  19:04  Spine Crawler  
  188  19:05  Spine Crawler  
  157  19:22  Zergling x2  
  157  19:23  Zergling x30  
  169  19:29  Ultralisk x4  
  169  19:30  Zergling x2  
  194  19:35  Zergling x2  
  194  19:36  Zergling x10  
  199  19:49  Zergling x2  
  191  20:09  Drone x3  
  191  20:10  Spine Crawler  
  191  20:11  Spine Crawler  
  189  20:21  Baneling  
  189  20:22  Baneling x10  
  188  20:29  Spine Crawler x2  
  188  20:33  Zergling x2  
  188  20:34  Zergling x26  
  161  20:57  Zergling x2  
  161  20:58  Zergling x26  
  169  21:15  Extractor  
  169  21:16  Drone x3, Spine Crawler  
  169  21:17  Drone x2  
  169  21:18  Drone x2, Spine Crawler x2  
  172  21:20  Hatchery  
  171  21:25  Spine Crawler  
  171  21:27  Spine Crawler x2  
  171  21:31  Zerg Flyer Weapons Level 3  
  171  21:32  Zerg Missile Weapons Level 2  
  167  21:33  Hatchery  
  167  21:37  Ultralisk  
  167  21:38  Ultralisk x2, Spire  
  173  21:56  Spine Crawler x2  
  164  22:09  Corruptor x5  
  164  22:14  Viper x3  
  175  22:30  Spine Crawler x3  
  175  22:34  Overseer  
  175  22:35  Overseer x3  
  171  22:46  Drone x4, Spore Crawler  
  171  22:49  Spore Crawler  
  173  23:04  Zergling x2  
  173  23:05  Zergling x22  
  181  23:14  Hatchery  
  180  23:25  Corruptor x5  
  189  23:31  Baneling  
  189  23:32  Baneling x15  
  188  23:39  Queen  
  189  23:44  Zergling x2  
  189  23:45  Zergling x18  
  194  24:07  Zergling x2  
  194  24:08  Zergling x10  
  189  24:29  Zergling x22  
  189  24:30  Zergling x12  
  175  24:39  Corruptor x3  
  175  24:40  Corruptor  
  162  25:15  Hatchery  
  148  25:42  Extractor  
  146  25:45  Viper  
  149  25:50  Zergling x2  
  149  25:51  Zergling x48  
  149  25:52  Zergling x4  
  175  26:10  Ultralisk  
  175  26:14  Corruptor x3  
  175  26:15  Corruptor x2  
  184  26:44  Zergling x10  
  184  26:45  Zergling x20  
  199  26:55  Zerg Flyer Armor Level 1  
  199  26:57  Zerg Missile Weapons Level 3  
  199  27:02  Extractor x2  
  199  27:03  Spore Crawler  
  199  27:05  Spore Crawler  
  199  27:06  Spine Crawler  
  199  27:07  Spine Crawler  
  199  27:08  Spine Crawler  
  192  27:09  Spine Crawler  
  192  27:10  Spine Crawler  
  192  27:12  Spine Crawler  
  192  27:13  Spine Crawler  
  185  27:20  Corruptor x3  
  185  27:21  Corruptor  
  172  28:09  Brood Lord x4  
  172  28:26  Brood Lord x3  
  172  28:27  Brood Lord  
  174  28:32  Corruptor x8  
  150  29:41  Corruptor x13  
  168  29:55  Viper x4  
  180  30:07  Drone  
  181  30:22  Brood Lord x2  
  181  30:24  Overlord x3  
  185  30:31  Hatchery  
  184  30:46  Brood Lord x2  
  184  30:54  Brood Lord  
  185  31:00  Brood Lord  
  176  32:01  Zergling x6  
  176  32:02  Zergling x20  
  188  33:06  Brood Lord x2  
  192  33:18  Drone  
  192  33:32  Hatchery  
  173  33:52  Drone x3  
  176  34:09  Corruptor x7  
  171  34:10  Corruptor  
  167  34:22  Extractor x2  
  167  34:23  Spore Crawler  
  164  34:26  Spore Crawler  
  163  34:49  Drone  
  163  34:50  Drone x2  
  166  34:55  Spore Crawler  
  166  34:56  Spore Crawler  
Show
View Real Time Build Order
Export as new Build Order

DestroyBoy Terran 

Build Orders: MMM Bio, Siege Tank Drop 

Get SALT Encoding   

  12  0:00  SCV  
  13  0:13  SCV  
  14  0:22  Supply Depot  
  14  0:25  SCV  
  15  0:36  Refinery  
  15  0:43  SCV  
  16  0:55  SCV  
  16  0:56  Barracks  
  17  1:07  SCV  
  18  1:19  SCV  
  19  1:32  SCV  
  20  1:47  Orbital Command  
  20  1:48  Marine  
  21  2:05  Refinery  
  21  2:06  Factory  
  21  2:09  Reaper  
  21  2:10  Supply Depot  
  22  2:17  SCV  
  23  2:32  SCV  
  24  2:44  SCV  
  24  2:46  Marine  
  24  2:50  Factory Tech Lab  
  26  2:53  Command Center  
  26  2:57  SCV  
  27  3:09  SCV  
  27  3:10  Marine  
  29  3:16  Siege Tank  
  29  3:17  Supply Depot  
  32  3:20  Starport  
  33  3:27  SCV  
  33  3:29  Marine  
  34  3:39  SCV  
  34  3:56  Medivac  
  36  4:03  SCV  
  36  4:04  Armory  
  36  4:08  Supply Depot, Stimpack, Marine  
  36  4:09  Factory Reactor  
  38  4:10  Barracks  
  38  4:12  Barracks  
  38  4:15  SCV  
  39  4:19  Liberator  
  39  4:28  SCV  
  40  4:32  Orbital Command  
  43  4:40  SCV  
  43  4:44  Bunker  
  44  4:52  SCV  
  45  5:02  SCV  
  45  5:04  SCV  
  47  5:14  SCV  
  47  5:16  SCV  
  47  5:19  Liberator  
  47  5:20  Supply Depot x2  
  49  5:26  SCV  
  51  5:28  SCV  
  51  5:30  Factory Reactor  
  51  5:35  Marauder  
  53  5:39  SCV  
  53  5:40  SCV  
  58  5:51  SCV  
  58  5:52  SCV  
  60  5:58  Marine x2  
  60  5:59  Marauder  
  60  6:00  Barracks Reactor  
  60  6:03  SCV  
  65  6:04  SCV, Refinery  
  65  6:06  Refinery  
  65  6:07  Engineering Bay x2  
  63  6:15  SCV  
  63  6:16  SCV, Marine  
  66  6:22  Terran Ship Weapons Level 1  
  66  6:23  Factory Tech Lab  
  66  6:27  Marauder, SCV, Combat Shields, Marine  
  66  6:29  SCV  
  71  6:34  Marine  
  72  6:41  Terran Infantry Weapons Level 1  
  72  6:43  Command Center  
  72  6:52  Marine x5  
  78  6:54  SCV x2  
  79  7:06  SCV x2  
  79  7:07  Terran Infantry Armor Level 1  
  78  7:10  Medivac x2, Marine x2  
  81  7:16  Barracks  
  81  7:17  Barracks  
  81  7:18  SCV x2  
  83  7:29  Supply Depot x2  
  83  7:30  Factory Tech Lab, SCV x2  
  83  7:35  Liberator x2  
  85  7:37  Supply Depot x2  
  85  7:41  Missile Turret  
  85  7:42  SCV  
  86  7:46  Missile Turret x2  
  86  7:50  Concussive Shells  
  86  7:51  SCV, Marauder, Marine x4  
  99  8:07  SCV x2  
  99  8:08  Marine x4  
  105  8:19  SCV x2  
  107  8:27  Liberator  
  107  8:28  Liberator  
  107  8:29  Marine x4  
  107  8:30  Marauder, Marine x2  
  107  8:31  SCV x2  
  117  8:47  Marine x5  
  117  8:48  Marine  
  129  8:51  SCV x2, Marine  
  129  8:52  Planetary Fortress  
  132  8:58  Command Center  
  132  9:05  Marine  
  133  9:10  Refinery  
  133  9:14  Refinery, Liberator  
  133  9:16  Marine  
  133  9:20  Marine  
  133  9:21  Marine  
  133  9:22  Marauder  
  133  9:23  Liberator  
  133  9:24  Marine x3  
  130  9:38  Marine  
  133  9:39  Marine  
  133  9:40  Marine  
  133  9:42  Supply Depot, Marine x3  
  133  9:43  Supply Depot, Marauder  
  133  9:44  Supply Depot  
  133  9:45  Supply Depot, Missile Turret x2  
  139  9:56  Marine  
  139  9:57  Marine  
  139  9:58  Marine  
  139  9:59  Marine x2  
  142  10:00  Marauder  
  142  10:04  Marine  
  142  10:05  Command Center  
  147  10:10  Terran Infantry Weapons Level 2, Terran Infantry Armor Level 2  
  147  10:11  Terran Ship Weapons Level 2  
  136  10:24  Command Center  
  130  10:28  Liberator  
  128  10:37  SCV x3  
  128  10:42  Marine  
  128  10:43  Marauder x2, Marine x2  
  128  10:44  Marine, Marauder  
  139  11:00  Marine  
  139  11:01  Marine x3  
  143  11:04  Marauder, Liberator  
  143  11:05  Marauder  
  140  11:11  Liberator  
  140  11:15  SCV  
  140  11:20  Marine  
  140  11:21  Marine x4  
  140  11:25  Planetary Fortress, Marine  
  148  11:26  Marine  
  148  11:28  Refinery  
  153  11:38  Marine x2  
  153  11:39  Marauder  
  157  11:42  Marine  
  157  11:44  Marauder x2  
  157  11:45  Orbital Command  
  162  11:48  Refinery  
  162  11:49  Refinery, Bunker  
  162  11:52  Factory Reactor  
  162  11:53  Refinery, Missile Turret  
  162  11:56  Marine  
  162  11:57  Marine  
  162  12:00  Marauder  
  166  12:05  Planetary Fortress, Marauder  
  161  12:24  SCV  
  161  12:25  SCV x4  
  161  12:26  Marine x2  
  161  12:27  Marauder x2, Marine x3  
  174  12:37  SCV x4  
  178  12:44  Marine x2  
  178  12:45  Medivac x2  
  178  12:46  Terran Ship Weapons Level 3  
  177  12:57  Barracks  
  177  13:02  SCV, Ghost Academy  
  177  13:04  Refinery  
  178  13:14  SCV  
  178  13:19  Marauder  
  185  13:20  Marine x4, Marauder x2  
  185  13:22  Medivac  
  185  13:23  Medivac  
  185  13:26  SCV  
  194  13:38  SCV  
  195  13:44  Widow Mine x2  
  195  13:45  Marine  
  200  13:50  SCV  
  199  14:03  SCV  
  198  14:17  Marine x2  
  194  14:33  Marauder, Marine x4  
  200  14:48  Command Center  
  200  14:58  Barracks x2  
  200  14:59  Barracks  
  200  15:01  Barracks  
  200  15:05  Factory  
  200  15:17  Terran Infantry Weapons Level 3, Terran Infantry Armor Level 3  
  176  15:31  Widow Mine x2  
  176  15:32  Marine x2  
  176  15:33  Marine x3  
  184  15:35  Ghost x3  
  186  15:44  Liberator x2  
  163  15:50  Marine x3  
  163  15:51  Marine  
  149  15:58  Marine  
  149  15:59  Widow Mine x2  
  150  16:04  Marine x3  
  150  16:08  Marine x2  
  155  16:11  Marine  
  155  16:12  Marine x3  
  155  16:15  Factory Tech Lab  
  151  16:22  Ghost, Marauder  
  155  16:29  Marine  
  155  16:30  Marine x2  
  148  16:40  Terran Vehicle And Ship Armor Level 1  
  148  16:44  Medivac x2  
  151  17:03  Ghost x3  
  151  17:04  Marine x4  
  151  17:05  Marine x5  
  151  17:06  Drilling Claws, Widow Mine x2  
  170  17:18  Missile Turret x2  
  170  17:21  Missile Turret  
  170  17:22  Missile Turret, Marine x3  
  173  17:23  Orbital Command  
  173  17:24  Command Center  
  173  17:29  Barracks Reactor, Barracks Tech Lab  
  173  17:31  Thor  
  173  17:32  Ghost x2  
  173  17:33  Marauder  
  173  17:34  Widow Mine x2  
  193  17:37  Medivac x2  
  193  17:54  Marauder  
  194  18:01  Marauder x2  
  194  18:03  Widow Mine  
  200  18:06  Building Armor, Hi-Sec Auto Tracking  
  198  18:14  Marine  
  198  18:15  Marine x2  
  200  18:23  Starport  
  200  18:25  Barracks Reactor  
  199  18:55  Marine  
  200  19:15  SCV  
  200  19:16  SCV x3  
  200  19:17  Marauder x3  
  182  19:33  Marine  
  182  19:34  Marauder, Marine x7  
  182  19:38  Marauder x3  
  196  19:55  Marauder  
  196  19:58  Marine  
  196  19:59  Marine x3  
  191  20:17  Marauder  
  193  20:23  Marine x2  
  193  20:24  Marine, Marauder x2  
  197  20:33  Marine x2  
  197  20:34  Marauder  
  193  20:38  Marauder  
  195  20:48  Liberator x2  
  195  20:49  Liberator  
  156  21:01  Planetary Fortress  
  156  21:04  Marine x3, Marauder x4  
  155  21:05  Marine x7  
  155  21:06  Widow Mine  
  155  21:07  Widow Mine x2  
  162  21:14  Terran Vehicle And Ship Armor Level 2  
  162  21:22  Marine  
  162  21:24  Marine x7  
  162  21:25  Marauder x4, Marine x2  
  179  21:31  Liberator x3  
  180  21:37  Refinery  
  180  21:39  Refinery  
  180  21:40  Marine  
  180  21:41  Marine  
  180  21:42  Marine  
  180  21:44  Marine  
  180  21:46  Marauder  
  180  21:47  Marauder  
  194  22:05  Orbital Command  
  191  22:14  Liberator x2  
  180  22:17  Marine  
  180  22:19  Liberator  
  178  22:32  Command Center, Marauder x4  
  178  22:34  Widow Mine x2  
  178  22:35  Orbital Command  
  199  22:48  Starport  
  199  22:57  Liberator  
  197  23:30  Marine x3  
  145  24:34  Marine x5  
  145  24:35  Marine, Marauder x2  
  155  24:41  Liberator  
  155  24:52  Marine x2  
  149  24:56  Marauder x2  
  135  25:06  Planetary Fortress  
  116  25:14  Supply Depot x3  
  115  25:15  Supply Depot x2  
  115  25:17  Supply Depot  
  117  25:24  Liberator  
  111  25:38  Terran Vehicle And Ship Armor Level 3, Starport Reactor  
  101  25:54  Orbital Command  
  99  26:06  Liberator x2  
  99  26:07  Liberator  
  97  26:19  SCV x5  
  97  26:21  Marine x4  
  97  26:22  Widow Mine  
  117  26:31  SCV x5  
  122  26:39  Marine x2  
  126  26:43  Barracks Reactor x2, Orbital Command  
  123  26:47  Starport  
  123  26:48  Starport, Liberator  
  123  26:49  Liberator  
  123  26:50  Widow Mine, Liberator  
  123  26:52  Orbital Command  
  124  26:56  Marine  
  130  27:09  Supply Depot  
  130  27:11  Supply Depot  
  129  27:27  Liberator x2  
  129  27:28  Liberator x2  
  129  27:31  Widow Mine, Liberator x2  
  129  27:40  Armory  
  144  28:00  Widow Mine  
  144  28:07  Ghost Academy  
  144  28:10  Liberator x3  
  144  28:11  Liberator  
  136  28:13  Barracks Tech Lab  
  136  28:14  Liberator x3  
  136  28:28  Widow Mine  
  159  28:53  Liberator x2  
  159  29:10  Ghost  
  147  31:01  Orbital Command  
  142  31:14  Orbital Command  
  136  31:59  Orbital Command  
  128  34:05  Orbital Command  
Tags
 
Add a new tag
Caveats
  • Supply blocks, unpowered buildings, or Contaminate may cause inaccurate times.
  • Supply counts are checked every 10 seconds.